 Dungeon Crawl Stone Soup version 0.26-a0-1021-gda264ca44c (webtiles) character file.

Game seed: 1616768670238849007

16884 gaul the Thaumaturge (level 12, -20/91 HPs)
             Began as a Red Draconian Conjurer on Dec 8, 2020.
             Was an Elder of Vehumet.
             Demolished by a skeletal warrior
             ... wielding a +0 morningstar
             ... led by a skeletal warrior
              (33 damage)
             ... on level 11 of the Dungeon.
             The game lasted 00:47:05 (15361 turns).

gaul the Thaumaturge (Red Draconian Conjurer)      Turns: 15361, Time: 00:47:05

Health: -20/91     AC:  9    Str: 14    XL:     12   Next: 14%
Magic:  8/29       EV: 15    Int: 22    God:    Vehumet [****..]
Gold:   530        SH:  0    Dex: 15    Spells: 6/37 levels left

rFire    . . .     SeeInvis .   P - +6 spear (venom)
rCold    + . .     Faith    .   (no shield)
rNeg     . . .     Spirit   .   (armour unavailable)
rPois    .         Reflect  .   (helmet restricted)
rElec    .         Harm     .   M - +0 cloak of Qeumul {rF- rCorr Str+4 Dex+4}
rCorr    +         Rampage  .   (no gloves)
Will     .....                  (no boots)
Stlth    +++.......             (no amulet)
HPRegen  0.25/turn              s - ring of protection from cold
MPRegen  0.21/turn              e - ring of wizardry

@: no status effects
A: breathe fire, unfitting armour, horns 1, fire resistance 1, cold-blooded,
MP-powered wands, AC +8
a: Breathe Fire, Renounce Religion


You were on level 11 of the Dungeon.
You worshipped Vehumet.
Vehumet was greatly pleased with you.
You visited 2 branches of the dungeon, and saw 13 of its levels.

You collected 530 gold pieces.

Inventory:

Hand Weapons
 m - a +0 spear
 v - a +4 quarterstaff of chaos
 P - a +6 spear of venom (weapon)
Missiles
 i - 47 poisoned darts
 B - 3 silver javelins
 F - 2 atropa-tipped darts
Armour
 w - a +0 cloak
 z - a +2 tower shield of resistance
 M - the +0 cloak of Qeumul (worn) {rF- rCorr Str+4 Dex+4}
   (You found it on level 11 of the Dungeon)

   It affects your strength (+4).
   It affects your dexterity (+4).
   It makes you vulnerable to fire.
   It provides partial protection from all sources of acid and corrosion.
Magical Staves
 O - an uncursed staff of air
Jewellery
 e - a ring of wizardry (right hand)
 p - an uncursed ring of fire
 s - a ring of protection from cold (left hand)
 y - an uncursed ring of ice
Wands
 b - a wand of acid (19)
 q - a wand of paralysis (13)
 r - a wand of flame (48)
 A - a wand of iceblast (2)
 G - a wand of random effects (40)
 K - a wand of polymorph (14)
Scrolls
 f - 11 scrolls of identify {unknown}
 h - 2 scrolls of enchant armour {unknown}
 k - 6 scrolls of remove curse
 l - 6 scrolls of teleportation
 x - a scroll of random uselessness {unknown}
 C - 2 scrolls of noise {unknown}
 D - 2 scrolls of enchant weapon {unknown}
 I - a scroll of torment {unknown}
 J - a scroll of fog {unknown}
 L - 2 scrolls of vulnerability {unknown}
 N - a scroll of blinking {unknown}
Potions
 a - a potion of invisibility {unknown}
 c - 2 potions of brilliance {unknown}
 d - a potion of haste {unknown}
 g - 5 potions of lignification
 j - 2 potions of mutation
 n - 4 potions of heal wounds {unknown}
 o - 4 potions of curing
 t - 2 potions of degeneration {unknown}
 u - a potion of might {unknown}
 E - 2 potions of flight {unknown}
 H - a potion of cancellation {unknown}


   Skills:
 + Level 4.3 Fighting
 + Level 1.4(1.9) Polearms
 + Level 1.7(2.0) Staves
 + Level 5.3 Dodging
 + Level 4.7 Stealth
 + Level 0.4 Unarmed Combat
 * Level 13.1 Spellcasting
 + Level 10.9 Conjurations
 + Level 0.5 Hexes
 + Level 2.3 Translocations
 + Level 0.5 Fire Magic
 + Level 0.8 Earth Magic


You had 6 spell levels left.
You knew the following spells:

 Your Spells              Type           Power        Failure   Level
a - Magic Dart            Conj           ####         1%          1
b - Searing Ray           Conj           ######       1%          2
c - Dazzling Flash        Conj/Hex       #####.       1%          3
d - Fulminant Prism       Conj/Hex       #####.....   1%          4
e - Iskenderun's Mystic   Conj/Tloc      #####...     1%          4
f - Iskenderun's Battles  Conj           ######..     1%          5
g - Orb of Destruction    Conj           ######....   4%          7
h - Bolt of Magma         Conj/Fire/Erth ####......   2%          5

Your spell library contained the following spells:

 Spells                   Type           Power        Failure   Level
 Airstrike                Air            ##........   5%          4
 Gell's Gravitas          Tloc           ###.......   1%          3
 Confusing Touch          Hex            ###.....     4%          3
 Iron Shot                Conj/Erth      #####.....   7%          6
 Yara's Violent Unravell  Hex/Tmut       ###.......   12%         5
 Petrify                  Tmut/Erth      ###.....     16%         4
 Metabolic Englaciation   Hex/Ice        ###.......   38%         5
 Spellforged Servitor     Conj/Summ      #####.....   34%         7


Dungeon Overview and Level Annotations

Branches:
Dungeon (12/15)            Temple (1/1) D:5            Lair (0/6) D:10
    Orc: D:9-12

Altars:
Ashenzari
Cheibriados
Dithmenos
Elyvilon
Fedhas
Gozag
Hepliaklqana
Kikubaaqudgha
Makhleb
Nemelex Xobeh
Okawaru
Qazlal
Ru
Sif Muna
Trog
Uskayaw
Vehumet
Wu Jian
Xom
Yredelemnul
Zin
The Shining One

Shops:
D:2 *   D:5 }   D:6 }   D:10 *

Annotations:
D:7 2 transporters, sahdkjhfkaj's ghost, novice VSTm


Innate Abilities, Weirdness & Mutations

You can breathe blasts of fire.
Your fiery red scales are hard. (AC +8)
You cannot fit into any form of body armour.
Your flesh is heat resistant. (rF+)
You are cold-blooded and may be slowed by cold attacks.
You have a pair of small horns on your head.
You expend magic power (3 MP) to strengthen your wands.


Message History

The searing ray hits the wraith.
The wraith is almost destroyed.
The skeletal warrior hits you with a +0 morningstar.
* * * LOW HITPOINT WARNING * * *
The searing ray hits the skeletal warrior but does no damage.
The skeletal warrior is severely damaged.
You finish channeling your searing ray.
Casting: Searing Ray (safe; 1% risk of failure)
Confirm with . or Enter, or press ? or * to list all spells.
Aiming: Searing Ray (safe; 1% risk of failure)
Press: ? - help, Shift-Dir - straight line, f - skeletal warrior
Aim: a skeletal warrior, wielding a +0 morningstar (severely damaged, 17% to evade)
The searing ray hits the skeletal warrior.
The skeletal warrior is severely damaged. (Press . to maintain the ray.)
The skeletal warrior hits you with a +0 morningstar!!
* * * LOW HITPOINT WARNING * * *
You feel better.
The skeletal warrior hits you with a +0 morningstar!!
You die...

###.#####≈.########≈##.#.##.#..#.
........#≈.......†..'.....###.#.#
###.#####≈≈≈§≈≈§≈≈≈≈##...#...#.#.
# #.###################...####...
###..............# #...# ###.
.###.............# #...# ## ##
#.#####.#...### #...# #
#.#####.#...#### #...#
###.##.†.......@.# #...######
#......##.#...##z#####........##
#..#.^....#...#.W...............
#.###(.####...................).
#..#..## #...##.................
#.....# #.......#####......(.##
######## #.####### #...####.## ..
..# #.# #...# #.## .# #.# #.#
#...# #.))


You could see a skeletal warrior and a wraith.

Vanquished Creatures
  Snorg (D:10)
  Josephine (D:11)
  3 two-headed ogres
  A queen ant (D:11)
  2 ugly things (D:11)
  A manticore (D:11)
  A cyclops (D:11)
  Maurice (D:10)
  Maggie (D:7)
  A kobold demonologist (D:11)
  2 trolls
  18 yaks
  2 wyverns (D:11)
  3 wraiths (D:11)
  Edmund (D:4)
  6 soldier ants (D:11)
  A water moccasin (D:6)
  Duvessa (D:4)
  A black bear (D:8)
  6 orc warriors
  A sky beast (D:7)
  4 phantoms
  7 ice beasts
  4 ogres
  6 centaurs
  5 bullfrogs
  A gnoll sergeant (D:11)
  Dowan (D:4)
  2 wyvern skeletons
  A wyvern zombie (D:10)
  3 scorpions
  A water moccasin skeleton (D:9)
  4 killer bees (D:9)
  11 wights
  7 howler monkeys
  A lava snake (D:11)
  A quasit (D:7)
  5 orc priests
  Crazy Yiuf (D:4)
  A hound (D:9)
  2 bullfrog skeletons
  8 orc wizards
  Terence (D:3)
  Natasha (twice) (D:3)
  An iguana (D:6)
  23 worker ants
  A hound zombie (D:11)
  2 hound skeletons
  10 adders
  8 gnolls
  A howler monkey skeleton (D:10)
  3 white imps
  2 ufetubi
  An ooze (D:7)
  An adder skeleton (D:9)
  A worm (D:3)
  A dart slug (D:2)
  3 leopard geckos
  37 orcs
  2 ball pythons
  4 bats
  6 giant cockroaches
  9 goblins
  5 hobgoblins
  10 jackals
  7 kobolds
  3 quokkas
  7 frilled lizards
  10 rats
292 creatures vanquished.

Vanquished Creatures (others)
  2 fulminant prisms (D:7)
  2 plants (D:10)
4 creatures vanquished.

Grand Total: 296 creatures vanquished

Notes
Turn   | Place    | Note
-------+----------+-------------------------------------------
     0 | D:1      | gaul the Draconian Conjurer began the quest for the Orb.
     0 | D:1      | Reached XP level 1. HP: 14/14 MP: 3/3
   296 | D:1      | Reached XP level 2. HP: 20/20 MP: 1/5
  1030 | D:2      | Reached XP level 3. HP: 22/26 MP: 0/6
  1033 | D:2      | Learned a level 2 spell: Searing Ray
  1482 | D:2      | Found Gozag's Platinum Reserve.
  1612 | D:2      | Found an opulent altar of Gozag.
  1716 | D:2      | Reached XP level 4. HP: 33/33 MP: 5/7
  1969 | D:2      | Reached skill level 5 in Conjurations
  2793 | D:3      | Noticed Natasha
  2799 | D:3      | Killed Natasha
  2800 | D:3      | Reached skill level 3 in Spellcasting
  2954 | D:3      | Noticed Terence
  2959 | D:3      | Killed Terence
  2960 | D:3      | Reached XP level 5. HP: 39/39 MP: 1/9
  3281 | D:3      | Noticed Natasha
  3285 | D:3      | Killed Natasha
  3377 | D:4      | Noticed an ogre
  3382 | D:4      | Killed an ogre
  3383 | D:4      | Reached skill level 1 in Fighting
  3383 | D:4      | Reached XP level 6. HP: 30/47 MP: 3/11
  3575 | D:4      | Reached skill level 4 in Spellcasting
  3637 | D:4      | Noticed Edmund
  3651 | D:4      | Killed Edmund
  3803 | D:4      | Noticed Duvessa
  3808 | D:4      | Noticed Dowan
  3871 | D:4      | Killed Duvessa
  3872 | D:4      | Your scales start taking on a fiery red colour.
  3872 | D:4      | Reached XP level 7. HP: 36/52 MP: 4/14
  3872 | D:4      | Gained mutation: Your flesh is heat resistant. (rF+) [Red
                  | Draconian growth]
  3985 | D:4      | Killed Dowan
  3986 | D:4      | Reached skill level 5 in Spellcasting
  4326 | D:4      | Learned a level 3 spell: Dazzling Flash
  4642 | D:4      | Found a runed translucent door.
  4643 | D:4      | Noticed Crazy Yiuf
  4708 | D:4      | Killed Crazy Yiuf
  4749 | D:5      | Entered Level 5 of the Dungeon
  4808 | D:5      | Reached skill level 6 in Spellcasting
  4808 | D:5      | Reached XP level 8. HP: 60/60 MP: 11/17
  4963 | D:5      | Reached skill level 1 in Polearms
  5053 | D:5      | Found Ugyh's Gadget Boutique.
  5474 | D:5      | Found a staircase to the Ecumenical Temple.
  5632 | Temple   | Entered the Ecumenical Temple
  5724 | Temple   | Became a worshipper of Vehumet
  6238 | D:6      | Found Boosirei's Gadget Emporium.
  6668 | D:6      | Reached skill level 7 in Spellcasting
  6803 | D:6      | Learned a level 4 spell: Fulminant Prism
  6808 | D:6      | Learned a level 4 spell: Iskenderun's Mystic Blast
  7331 | D:7      | Found a transporter.
  7332 | D:7      | Noticed sahdkjhfkaj's ghost (novice VSTm)
  7333 | D:7      | Found a transporter.
  7333 | D:7      | Identified the cursed +3 dire flail "Pefa" {venom, *Noise
                  | Will++ Dex+3 Stlth+}
  7704 | D:7      | Reached XP level 9. HP: 67/67 MP: 12/20
  7843 | D:7      | Reached * piety under Vehumet
  7843 | D:7      | Offered knowledge of Sandblast by Vehumet.
  7844 | D:7      | Reached skill level 8 in Spellcasting
  7888 | D:7      | Noticed Maggie
  7904 | D:7      | Killed Maggie
  7905 | D:7      | Reached skill level 1 in Staves
  8558 | D:8      | Reached skill level 9 in Spellcasting
  9126 | D:9      | Noticed a troll
  9134 | D:9      | Killed a troll
  9205 | D:9      | Reached XP level 10. HP: 77/77 MP: 13/23
  9329 | D:9      | Reached skill level 10 in Spellcasting
  9694 | D:9      | Learned a level 5 spell: Iskenderun's Battlesphere
  9702 | D:9      | Learned a level 7 spell: Orb of Destruction
  9755 | D:9      | You fall into a shaft and drop 2 floors!
  9763 | D:10     | Entered Level 10 of the Dungeon
  9817 | D:10     | Noticed Snorg
  9832 | D:10     | Killed Snorg
  9833 | D:10     | Reached skill level 1 in Translocations
  9874 | D:10     | Offered knowledge of Shock by Vehumet.
  9980 | D:10     | Noticed a two-headed ogre
  9984 | D:10     | Reached ** piety under Vehumet
  9989 | D:10     | Killed a two-headed ogre
 10312 | D:10     | Reached skill level 11 in Spellcasting
 10320 | D:10     | Gained mutation: You expend magic power (3 MP) to
                  | strengthen your wands. [potion of mutation]
 10320 | D:10     | Gained mutation: You have a pair of small horns on your
                  | head. [potion of mutation]
 10666 | D:10     | Noticed a two-headed ogre
 10725 | D:11     | Reached XP level 11. HP: 16/83 MP: 12/26
 10823 | D:11     | Noticed a cyan ugly thing
 10828 | D:11     | Killed a cyan ugly thing
 10829 | D:11     | Reached skill level 10 in Conjurations
 11039 | D:11     | Offered knowledge of Mephitic Cloud by Vehumet.
 11059 | D:11     | Learned a level 5 spell: Bolt of Magma
 11312 | D:11     | Got a jewelled cloak
 11323 | D:11     | Identified the +0 cloak of Qeumul {rF- rCorr Str+4 Dex+4}
                  | (You found it on level 11 of the Dungeon)
 11329 | D:11     | Reached *** piety under Vehumet
 11377 | D:11     | Noticed a boulder beetle
 11915 | D:10     | Found a staircase to the Lair.
 11930 | D:10     | Found Echifov's General Store.
 12189 | D:10     | Killed a two-headed ogre
 12389 | D:11     | Noticed Maurice
 12644 | D:10     | Killed Maurice
 13269 | D:11     | Noticed a two-headed ogre
 13285 | D:11     | Killed a two-headed ogre
 13286 | D:11     | Reached skill level 12 in Spellcasting
 13442 | D:11     | HP: 4/84 [manticore (4)]
 13608 | D:11     | Reached skill level 5 in Dodging
 13882 | D:11     | Offered knowledge of Airstrike by Vehumet.
 13937 | D:11     | Noticed a queen ant
 13997 | D:11     | Killed a queen ant
 14686 | D:11     | Noticed a purple ugly thing
 14695 | D:11     | Killed a purple ugly thing
 14695 | D:11     | Reached **** piety under Vehumet
 14793 | D:11     | Noticed Josephine
 14803 | D:11     | Killed Josephine
 14804 | D:11     | Reached skill level 13 in Spellcasting
 14804 | D:11     | Reached XP level 12. HP: 91/91 MP: 14/29
 15360 | D:11     | HP: 4/91 [skeletal warrior/+0 morningstar[a skeletal
                  | warrior] (19)]
 15361 | D:11     | Demolished by a skeletal warrior

Illustrated notes

Levels and vault maps discovered:
D:1:      heliophobic_arrival_dark_side_of_the_moon, layout_basic,
          minmay_pentomino_o4
D:2:      layout_basic, nicolae_gozag_zags_fifth_avenue
D:3:      layout_rooms, uniq_natasha, uniq_terence
D:4:      layout_rooms, chequers_arboretum, uniq_crazy_yiuf_cottage,
          uniq_duvessa, uniq_edmund
D:5:      layout_loops_ring, temple_hall, serial_shops, shop
D:6:      layout_basic, serial_shops, shop
D:7:      layout_loops_corners, gammafunk_ghost_smash, solitary_fountain,
          minmay_misc_feat_tower, uniq_maggie
D:8:      layout_basic, minmay_misc_feat_pillars
D:9:      layout_loops_ring
D:10:     layout_gridville, dpeg_oklobed_lair, serial_shops,
          nicolae_shop_waterfront, uniq_snorg
D:11:     layout_loops_cross, kennysheep_small_spiral, minmay_another_anthill,
          uniq_maurice, uniq_josephine
D:12:     layout_rooms, erik_orc_4, serial_ice, serial_ice_c, serial_ice_a,
          serial_ice_i, serial_ice_n, serial_ice_h, serial_ice_m, serial_ice_e,
          serial_ice_g, serial_ice_d, serial_ice_o, minmay_radiant, uniq_frances
Temple:   minmay_crystal_snake_temple

Skill      XL: |  1  2  3  4  5  6  7  8  9 10 11 |
---------------+----------------------------------+-----
Stealth        | 2 3 4 |  4.7
Conjurations   | 5 6 7 8 9 10 | 10.9
Dodging        | 2 3 4 5 |  5.3
Spellcasting   | 3 4 6 7 9 11 13 | 13.1
Fighting       | 1 2 3 4 |  4.3
Polearms       | 1 |  1.4
Staves         | 1 |  1.7
Translocations | 1 2 |  2.3
Unarmed Combat | |  0.4
Hexes          | |  0.5
Fire Magic     | |  0.5
Earth Magic    | |  0.8

Action                   |  1- 3 |  4- 6 |  7- 9 | 10-12 || total
-------------------------+-------+-------+-------+-------++-------
Melee: Unarmed           |     6 |       |       |       ||     6
       Dagger            |     8 |       |       |       ||     8
       Spear             |       |    18 |     1 |       ||    19
       Tailslap          |       |     1 |     1 |       ||     2
       Quarterstaff      |       |       |     7 |       ||     7
 Cast: Magic Dart        |    66 |    48 |   126 |   120 ||   360
       Searing Ray       |     4 |    25 |    70 |   122 ||   221
       Iskenderun's Myst |       |       |     5 |    15 ||    20
       Fulminant Prism   |       |       |     2 |       ||     2
       Iskenderun's Batt |       |       |       |    11 ||    11
       Dazzling Flash    |       |       |       |     7 ||     7
       Bolt of Magma     |       |       |       |     2 ||     2
 Abil: Breathe Fire      |       |       |     2 |       ||     2
  Use: Potion            |       |       |       |     5 ||     5
       Scroll            |       |       |       |     2 ||     2
Armor: Skin              |    21 |     5 |    13 |    49 ||    88
Dodge: Dodged            |    54 |    19 |    29 |   126 ||   228

Table legend: (Time is in decaauts)
 A = Elapsed time spent in this place.
 B = Non-inter-level travel time spent in this place.
 C = Inter-level travel time spent in this place.
 D = Time resting spent in this place.
 E = Time spent auto-exploring this place.
 F = Levels seen in this place.
 G = Mean time per level.
                   A        B        C        D        E       F      G
               +--------+--------+--------+--------+--------+-----+--------+
         Total |  15358 |  14876 |    482 |   1654 |  11183 |  13 | 1181.4 |
       Dungeon |  15170 |  14727 |    443 |   1654 |  11040 |  12 | 1264.2 |
        Temple |    188 |    150 |     38 |      0 |    143 |   1 |  188.0 |
               +--------+--------+--------+--------+--------+-----+--------+

Top non-repeatable levels by time:
    D:11: 3071 daAuts
    D:10: 1931 daAuts
     D:7: 1501 daAuts
     D:2: 1410 daAuts
     D:9: 1367 daAuts
     D:4: 1292 daAuts
     D:3: 1040 daAuts
     D:1: 1004 daAuts
     D:6: 971 daAuts
     D:5: 913 daAuts
     D:8: 644 daAuts
  Temple: 188 daAuts
    D:12: 21 daAuts
